 Dungeon Crawl Stone Soup version 0.31-a0-222-gefeffbb62a (webtiles) character file.

Game seed: 14846003531357886

186 BritishOli the Trooper (level 5, 0/63 HPs)
             Began as a Demonspawn Fighter on July 5, 2023.
             Succumbed to a gnoll sergeant's poison
             ... on level 4 of the Dungeon.
             The game lasted 00:03:09 (2018 turns).

BritishOli the Trooper (Demonspawn Fighter)         Turns: 2018, Time: 00:03:09

Health: 0/63       AC: 22    Str: 18    XL:     5   Next: 38%
Magic:  14/14      EV:  2    Int: 13    God:
Gold:   132        SH:  9    Dex: 13    Spells: 4/4 levels left

rFire   . . .        t - +1 hand axe (heavy)
rCold   . . .        c - +0 buckler
rNeg    . . .        b - melded +0 scale mail
rPois   +            (helmet currently unavailable)
rElec   .            (cloak currently unavailable)
rCorr   +            (gloves currently unavailable)
SInv    +            (boots currently unavailable)
Will    .....        m - amulet of regeneration
Stlth   +            i - ring of the Cockroach {MP+9 Int+4 SInv}
HPRegen 1.10/turn    o - ring of resist corrosion
MPRegen 0.14/turn

%: no passive effects
@: lethally poisoned (0 -> -4), tree-form, attractive
A: stationary, stasis, torment immunity, boosted hp, (molten scales 1),
condensation shield
a: no special abilities


You were on level 4 of the Dungeon.
You were a tree.
You visited 1 branch of the dungeon, and saw 4 of its levels.

You collected 132 gold pieces.

Inventory:

Hand Weapons
 t - a +1 heavy hand axe (weapon)
Missiles
 g - 5 javelins (quivered)
Armour
 b - a +0 scale mail (melded)
 c - a +0 buckler (worn)
Jewellery
 a - an amulet of the acrobat
 i - the ring of the Cockroach (left branch) {MP+9 Int+4 SInv}
   (You found it on level 2 of the Dungeon)

   [ring of magical power]

   Int:       It affects your intelligence (+4).
   MP:        It affects your magic capacity (+9).
   SInv:      It lets you see invisible.
 m - an amulet of regeneration (around neck)
 o - a ring of resist corrosion (right branch)
 u - a ring of willpower
Wands
 k - a wand of charming (8)
 p - a wand of digging (2)
Scrolls
 e - 4 scrolls of noise {unknown}
 f - a scroll of enchant armour {unknown}
 h - 3 scrolls of immolation {unknown}
 l - a scroll of amnesia {unknown}
 n - a scroll of revelation {unknown}
 s - 2 scrolls of identify {unknown}
Potions
 d - a potion of might
 j - a potion of attraction
 r - a potion of ambrosia {unknown}


   Skills:
 + Level 4.0 Fighting
 + Level 3.0 Axes
 + Level 3.6 Armour
 + Level 3.5 Shields


You had 4 spell levels left.
You didn't know any spells.
Your spell library contained the following spells:

 Spells                   Type           Power      Damage    Failure   Level
 Portal Projectile        Hex/Tloc       0%         N/A       75%         3
 Tukima's Dance           Hex            0%         N/A       75%         3
 Volatile Blastmotes      Fire/Tloc      0%         2d10      75%         3
 Fulminant Prism          Conj/Hex       0%         3d5       98%         4
 Iskenderun's Mystic Bla  Conj/Tloc      0%         2d3       98%         4
 Blade Hands              Tmut           0%         N/A       100%        5
 Lee's Rapid Deconstruct  Erth           0%         3d4*      100%        5


Dungeon Overview and Level Annotations

Branches:
Dungeon (4/15)
 Temple: D:4-7

Altars:


Innate Abilities, Weirdness & Mutations

You are a tree.
Your roots penetrate the ground, keeping you stationary.
You cannot be teleported.
You are immune to unholy pain and torment.
Your maximum health is greatly increased.
Your equipment is partially melded.
((You are partially covered in molten scales. (AC +2)))
A meltable shield of frost defends you. (SH +4)


Message History

The adder hisses angrily.
There are monsters nearby!
There are monsters nearby!
You block the gnoll sergeant's attack.
There are monsters nearby!
The gnoll attacks as you move away! You block the gnoll's attack.
The gnoll sergeant hits you from afar with a +1 spear of venom.
You are poisoned.
You feel very sick. The gnoll attacks as you move away!
The gnoll hits you with a +1 flail of holy wrath.
You convulse!
You feel sick.
You feel sick.
You feel sick.
You feel sick.
You feel sick. The gnoll attacks as you move away!
The gnoll hits you but does no damage.
You feel sick.
You feel sick.
The gnoll sergeant hits you from afar with a +1 spear of venom.
You are more poisoned.
You feel sick.
You hit the gnoll.
The gnoll is moderately wounded.
You feel sick. The gnoll barely misses you.
The gnoll sergeant hits you from afar with a +1 spear of venom.
You are more poisoned.
You block the gnoll's attack.
It was a potion of attraction.
You feel attractive to monsters.
You feel very sick.
The gnoll hits you with a +1 flail of holy wrath!
* * * LOW HITPOINT WARNING * * *
You convulse.
* * * LOW HITPOINT WARNING * * *
You block the gnoll sergeant's attack. You block the gnoll's attack.
It was a potion of lignification.
You turn into a tree.
Your +0 scale mail melds into your body.
Your roots penetrate the ground.
You die...

#.....##........
#...............
#...............
########...............
#......................
#.......#................>....>
#.......#.....##.g...##...##...
#.......#.....##gg...##...##+##
#.......#.....♣gS..............
#......#########g..............
#......##.....##...............
#..............................
#.<......).....................
#........))...#########...###..
#......####'####...####...####
#......##.....##...............
#......##...........†..........


You could see a gnoll sergeant, 4 gnolls and an adder.

Vanquished Creatures
  The ghost of Scrael the Slasher, a weakling DsGl (D:3)
  5 adders
  A white imp (D:3)
  A dart slug (D:3)
  4 orcs (D:4)
  8 ball pythons
  4 bats
  11 endoplasms
  8 giant cockroaches
  5 goblins
  8 hobgoblins
  2 jackals (D:2)
  3 quokkas
  14 frilled lizards
  4 kobolds
  5 rats
84 creatures vanquished.

Notes
Turn   | Place    | Note
-------+----------+-------------------------------------------
     0 | D:1      | BritishOli the Demonspawn Fighter began the quest for the
                  | Orb.
     0 | D:1      | Reached XP level 1. HP: 18/18 MP: 1/1
    80 | D:1      | Gained mutation: A meltable shield of frost defends you.
                  | (SH +4) [demonic ancestry]
    80 | D:1      | Reached XP level 2. HP: 24/24 MP: 2/2
   296 | D:1      | Gained mutation: You are partially covered in molten
                  | scales. (AC +2) [demonic ancestry]
   296 | D:1      | Reached XP level 3. HP: 29/29 MP: 3/3
   728 | D:2      | Identified the ring of the Cockroach {MP+9 Int+4 SInv}
  1072 | D:2      | Reached XP level 4. HP: 34/35 MP: 4/4
  1462 | D:3      | Noticed Scrael's ghost (weakling DsGl)
  1475 | D:3      | Found a runed translucent gate.
  1475 | D:3      | Found a runed translucent gate.
  1519 | D:3      | Found a faded altar of an unknown god.
  1739 | D:3      | Found a runed translucent gate.
  1886 | D:3      | Killed Scrael's ghost
  1887 | D:3      | Reached XP level 5. HP: 42/42 MP: 5/5
  1981 | D:4      | Reached skill level 4 in Fighting
  2017 | D:4      | HP: 1/42 [gnoll/+1 flail of holy wrath[a gnoll sergeant]
                  | (2)]
  2018 | D:4      | Succumbed to a gnoll sergeant's poison

Illustrated notes

Levels and vault maps discovered:
D:1:      eino_arrival_cavern_b, layout_rooms
D:2:      layout_loops_ring, minmay_lizard_king
D:3:      layout_rooms, gammafunk_ghost_split, shapermc_ecumenical_altar_pompeii
D:4:      layout_gridville

Skill      XL: |  1  2  3  4  5 |
---------------+----------------+-----
Axes           | 2 3 |  3.0
Armour         | 3 |  3.6
Shields        | 3 |  3.5
Fighting       | 4 |  4.0

Action                     |  1- 3 |  4- 6 || total
---------------------------+-------+-------++-------
  Melee: War axe           |   101 |    65 ||   166
         Hand axe          |       |    31 ||    31
    Use: Potion            |       |     2 ||     2
 Armour: Scale mail        |    48 |    34 ||    82
  Dodge: Dodged            |    35 |    48 ||    83
  Block: Buckler           |    43 |    57 ||   100

Table legend: (Time is in decaauts)
 A = Elapsed time spent in this place.
 B = Non-inter-level travel time spent in this place.
 C = Inter-level travel time spent in this place.
 D = Time resting spent in this place.
 E = Time spent auto-exploring this place.
 F = Levels seen in this place.
 G = Mean time per level.
                   A        B        C        D        E       F      G
               +--------+--------+--------+--------+--------+-----+--------+
         Total |   2111 |   2032 |     79 |      0 |   1495 |   4 |  527.8 |
       Dungeon |   2111 |   2032 |     79 |      0 |   1495 |   4 |  527.8 |
               +--------+--------+--------+--------+--------+-----+--------+

Top non-repeatable levels by time:
     D:2: 848 daAuts
     D:1: 657 daAuts
     D:3: 501 daAuts
     D:4: 104 daAuts
